 Dungeon Crawl Stone Soup version 0.21-a0-476-gd103f4b (webtiles) character file.

25486 theanonym the Severer (level 13, -4/88 HPs)
             Began as a Gargoyle Fighter on Nov 22, 2017.
             Was an Initiate of Gozag.
             Slain by a spark wasp (5 damage)
             ... on level 13 of the Dungeon.
             The game lasted 00:47:43 (19455 turns).

theanonym the Severer (Gargoyle Fighter)           Turns: 19455, Time: 00:47:43

Health: -4/88      AC: 22    Str: 25    XL:     13   Next: 19%
Magic:  13/13      EV:  4    Int: 14    God:    Gozag
Gold:   2371       SH:  9    Dex:  9    Spells: 10/12 levels left

rFire    + + .     SeeInvis .   a - +0 war axe
rCold    x . .     Gourm    .   c - +0 shield
rNeg     + . .     Faith    .   A - +0 plate armour
rPois    ∞         Spirit   .   h - +0 helmet
rElec    +         Reflect  .   (no cloak)
rCorr    .         Harm     .   (no gloves)
MR       .....                  (no boots)
Stlth    ..........             (no amulet)
HPRegen  0.24/turn              x - ring of fire {rF+, rC-}
MPRegen  0.13/turn              l - ring of protection from fire {rF+}

@: brilliant, hasted, very quick
A: negative energy resistance 1, electricity resistance, unbreathing,
petrification resistance, rot immunity, AC +9
a: Potion Petition, Call Merchant, Bribe Branch, Renounce Religion


Innate Abilities, Weirdness & Mutations

You are resistant to torment.
Your stone body is resilient. (AC +9)
You are immune to poison.
You resist negative energy. (rN+)
You are resistant to electric shocks. (rElec)
You can survive without breathing.
You are immune to petrification.
You are immune to rotting.


   Skills:
 + Level 13.5 Fighting
 * Level 15.9 Axes
 - Level 3.2 Armour
 - Level 3.2 Shields


You had 10 spell levels left.
You knew the following spells:

 Your Spells              Type           Power        Failure   Level  Hunger
s - Swiftness             Chrm/Air       #.......     92%         2    ###....

Skill      XL: |  1  2  3  4  5  6  7  8  9 10 11 12 |
---------------+-------------------------------------+-----
Axes           | 2 3 4 5 6 7 8 10 12 14 15 | 15.9
Fighting       | 4 5 7 8 10 11 13 | 13.5
Armour         | |  3.2
Shields        | |  3.2

Action                   |  1- 3 |  4- 6 |  7- 9 | 10-12 | 13-15 || total
-------------------------+-------+-------+-------+-------+-------++-------
Melee: War axe           |    80 |   242 |   436 |  1178 |   114 ||  2050
 Fire: Blowgun           |       |       |       |    29 |       ||    29
Throw: Tomahawk          |       |       |       |    24 |       ||    24
       Throwing net      |       |       |       |     2 |       ||     2
Invok: Potion Petition   |       |       |       |     2 |     2 ||     4
Evoke: Wand              |       |       |     5 |    19 |     3 ||    27
  Use: Potion            |     1 |     4 |     1 |    12 |     4 ||    22
       Scroll            |       |     7 |     5 |    10 |     2 ||    24
 Stab: Distracted        |       |       |       |     4 |       ||     4
       Paralysed         |       |       |       |     3 |       ||     3
       Held in net/web   |       |       |       |     1 |       ||     1
       Invisible         |       |       |       |       |     2 ||     2
  Eat: Chunk             |     1 |     3 |       |       |       ||     4
       Bread ration      |       |     1 |     3 |     5 |       ||     9
       Meat ration       |       |       |     1 |     3 |       ||     4
       Royal jelly       |       |       |       |     1 |     2 ||     3
Armor: Scale mail        |    40 |   132 |       |    15 |       ||   187
       Skin              |       |    33 |       |     9 |       ||    42
       Chain mail        |       |       |   109 |       |       ||   109
       Plate armour      |       |       |   187 |   592 |    48 ||   827
Dodge: Dodged            |    34 |    73 |    77 |   126 |     8 ||   318
Block: Shield            |    45 |   112 |   210 |   424 |    39 ||   830

Inventory:

Hand Weapons
 a - a +0 war axe (weapon)
 b - a +0 blowgun
   (You found it on level 10 of the Dungeon)
 I - a +0 flail of protection
   (You took it off an orc warrior on level 12 of the Dungeon)
 K - a +3 flail
   (You took it off a skeletal warrior on level 12 of the Dungeon)
Missiles
 u - 13 tomahawks (quivered)
 D - 51 poisoned needles
 M - a throwing net
 Q - 7 curare-tipped needles
Armour
 c - a +0 shield (worn)
 h - a +0 helmet (worn)
   (You found it on level 3 of the Dungeon)
 A - a +0 plate armour (worn)
   (You took it off an orc warrior on level 6 of the Dungeon)
Jewellery
 l - a ring of protection from fire (right hand) {rF+}
   (You found it on level 11 of the Dungeon)
 v - an uncursed ring of magical power {MP+9}
   (You took it off a kobold on level 12 of the Dungeon)
 w - an uncursed ring of stealth {Stlth+}
   (You found it on level 5 of the Dungeon)
 x - a ring of fire (left hand) {rF+, rC-}
   (You found it on level 4 of the Dungeon)
 N - a +3 ring of strength {unknown}
   (You found it on level 13 of the Dungeon)
Wands
 m - a wand of iceblast (2)
   (You found it on level 3 of the Dungeon)
 s - a wand of scattershot (4)
   (You took it off an orc on level 12 of the Dungeon)
 z - a wand of polymorph (10)
   (You found it on level 7 of the Dungeon)
 P - a wand of flame (27)
   (You found it on level 1 of the Lair of Beasts)
Scrolls
 e - 8 scrolls of remove curse
 f - 6 scrolls of fog {!r}
 i - 4 scrolls of amnesia
 j - 3 scrolls of enchant weapon
 n - 2 scrolls of enchant armour
 r - 2 scrolls of identify
 t - 7 scrolls of teleportation {!r}
 y - a scroll of immolation
 E - a scroll of brand weapon {!r}
Potions
 d - a potion of brilliance
 k - 2 potions of mutation
 o - 6 potions of flight
 p - 5 potions of curing
 B - a potion of ambrosia
 C - a potion of berserk rage {!q}
 F - a potion of cancellation
 G - a potion of lignification
 H - a potion of resistance
 L - a potion of invisibility
Books
 J - a book of Cantrips
   (You found it on level 8 of the Dungeon)

   Spells                             Type                      Level
   a - Confusing Touch                Hexes                        1
   b - Animate Skeleton               Necromancy                   1
   c - Summon Small Mammal            Summoning                    1
   d - Apportation                    Translocation                1
Miscellaneous
 O - a phial of floods
   (You found it on level 9 of the Dungeon)
Comestibles
 g - 2 royal jellies

Dungeon Overview and Level Annotations

Branches:
Dungeon (13/15)            Temple (0/1) D:5            Lair (1/6) D:8
    Orc (1/2) D:11
 Vaults: D:13-14

Altars:
Ashenzari
Cheibriados
Dithmenos
Elyvilon
Fedhas
Gozag
Hepliaklqana
Kikubaaqudgha
Nemelex Xobeh
Okawaru
Qazlal
Uskayaw
Xom
The Shining One

Shops:
D:11 *


You were on level 13 of the Dungeon.
You worshipped Gozag.
Gozag was most pleased with you.
You were hungry.

You visited 3 branches of the dungeon, and saw 15 of its levels.
You also visited: Ossuary.

You collected 3676 gold pieces.
You spent 288 gold pieces at shops.
You paid 1017 gold pieces to Gozag.


Message History

You take 9 damage, and have 63/88 hp.
You hit the slime creature. You slash the slime creature!
You hit the large slime creature. The large slime creature hits you!
The slime creature hits you but does no damage. x2
You take 12 damage, and have 51/88 hp.
You are too injured to fight recklessly!
You are too injured to fight recklessly!
You are too injured to fight recklessly!
You are too injured to fight recklessly!
You are too injured to fight recklessly!
You slash the slime creature! You hit the large slime creature.
You slash the slime creature! The large slime creature hits you!!
* * * LOW HITPOINT WARNING * * *
The slime creature hits you but does no damage.
You take 30 damage, and have 21/88 hp.
MASSIVE DAMAGE!!
You feel much better.
The slime creature is no longer distracted by gold.
Two slime creatures merge to form a large slime creature.
The slime creature hits you but does no damage.
The large slime creature hits you!!
* * * LOW HITPOINT WARNING * * *
You take 13 damage, and have 8/88 hp.
You slash the slime creature!
You kill the slime creature!
You hit the large slime creature but do no damage. x2
You block the large slime creature's attack.
A large slime creature splits.
The slime creature jiggles.
The slime creature is distracted by the nearby gold.
The slime creature is no longer distracted by gold.
The slime creature is distracted by the nearby gold.
Really read
t - 8 scrolls of teleportation {!r}?
As you read the scroll of teleportation {!r}, it crumbles to dust.
You feel strangely unstable.
A large slime creature splits.
Your surroundings suddenly seem different.
You start resting.
You are feeling hungry.
You regained 11 hp, and now have 22/88 hp.
You hear a distant blaring wail to the southwest.
You hear two shouts!
You start resting.
You regained 11 hp, and now have 34/88 hp.
As you open the door, it creaks loudly!
The spark wasp buzzes angrily.
There is an open door here.
Okay, then.
Okay, then. [a] - 399 gold - haste, brilliance and heal wounds [b] - 810 gold - haste, agility, flight and resistance [c] - 506 gold - resistance, invisibility and agility Purchase which effect?
You feel yourself speed up.
You feel clever all of a sudden.
You feel much better.
You regained 17 hp, and now have 51/88 hp.
Aim: a spark wasp The burst of metal fragments hits the spark wasp. x3
You are too injured to fight recklessly!
You are too injured to fight recklessly!
You are too injured to fight recklessly!
You slice the spark wasp!! The spark wasp stings you!
* * * LOW HITPOINT WARNING * * *
The spark wasp shocks you. You resist.
* * * LOW HITPOINT WARNING * * *
You take 11 damage, and have 40/88 hp.
There is an escape hatch in the floor here.
Your shield and plate armour prevent you from hitting the spark wasp.
Your shield and plate armour prevent you from hitting the spark wasp.
The spark wasp stings you!
* * * LOW HITPOINT WARNING * * *
The spark wasp shocks you. You resist.
* * * LOW HITPOINT WARNING * * *
You take 12 damage, and have 29/88 hp.
You feel much better.
The spark wasp stings you but does no damage.
You regained 29 hp, and now have 58/88 hp.
You slash the spark wasp!
The spark wasp stings you but does no damage.
You hit the spark wasp. You block the spark wasp's attack.
You closely miss the spark wasp. You miss the spark wasp.
The spark wasp stings you! The spark wasp shocks you. You resist.
* * * LOW HITPOINT WARNING * * *
You take 19 damage, and have 40/88 hp.
MASSIVE DAMAGE!!
You closely miss the spark wasp.
The spark wasp stings you but does no damage.
You slash the spark wasp! The spark wasp stings you!
* * * LOW HITPOINT WARNING * * *
The spark wasp shocks you. You resist.
* * * LOW HITPOINT WARNING * * *
You slash the spark wasp! The spark wasp stings you.
* * * LOW HITPOINT WARNING * * *
The spark wasp shocks you. You resist.
* * * LOW HITPOINT WARNING * * *
You take 21 damage, and have 19/88 hp.
MASSIVE DAMAGE!!
Your shield and plate armour prevent you from hitting the spark wasp.
You hit the spark wasp. The spark wasp stings you!!
* * * LOW HITPOINT WARNING * * *
The spark wasp shocks you. You resist.
You die...
Your body crumbles into a pile of gold.

# #.######## .........#
##############+### .........#
#@.....))##....... .......<)###
#y......).#.......
...........###.......).........
.........#...'........##.......
.........#####........##.......
.........# #........###'#####
######.### #........# #..####
.. ###'###### ##....) #.. ###
#..### ######


You could see a spark wasp.

Notes
Turn   | Place    | Note
-------+----------+-------------------------------------------
     0 | D:1      | theanonym the Gargoyle Fighter began the quest for the Orb.
     0 | D:1      | Reached XP level 1. HP: 14/14 MP: 1/1
    88 | D:1      | Reached skill level 2 in Axes
   327 | D:1      | Reached XP level 2. HP: 19/19 MP: 2/2
   490 | D:1      | Reached skill level 3 in Axes
   531 | D:1      | HP: 7/19 [gnoll/spear (6)]
   537 | D:1      | Reached XP level 3. HP: 5/23 MP: 3/3
   603 | D:1      | HP: 9/23 [rat (1)]
  1129 | D:2      | HP: 10/23 [worker ant (4)]
  1137 | D:2      | Reached XP level 4. HP: 13/28 MP: 4/4
  1311 | D:2      | Noticed Terence
  1320 | D:2      | Killed Terence
  1320 | D:2      | Reached skill level 4 in Axes
  1394 | D:2      | Found a hazy altar of Hepliaklqana.
  2007 | D:2      | Reached XP level 5. HP: 32/32 MP: 5/5
  2093 | D:3      | Noticed Natasha
  2100 | D:3      | Killed Natasha
  2191 | D:3      | HP: 13/32 [orc wizard/puff of flame (12)]
  2196 | D:3      | HP: 15/32 [orc wizard/puff of flame (7)]
  2212 | D:3      | HP: 15/32 [fell downstairs (1)]
  2215 | D:3      | HP: 6/32 [orc/club (2)]
  2223 | D:2      | HP: 4/32 [something (3)]
  2757 | D:3      | Noticed Natasha
  2772 | D:3      | Killed Natasha
  2772 | D:3      | Reached skill level 5 in Axes
  3155 | D:3      | Noticed Natasha
  3188 | D:2      | HP: 9/32 [orc wizard/magic dart (10)]
  3199 | D:2      | HP: 8/48 [orc wizard/magic dart (3)]
  3230 | D:2      | HP: 7/32 [something (2)]
  3233 | D:2      | HP: 1/32 [something/puff of flame (7)]
  3236 | D:2      | Reached XP level 6. HP: 1/38 MP: 6/6
  3550 | D:3      | Killed Natasha
  3589 | D:3      | Found an opulent altar of Gozag.
  3674 | D:3      | Became a worshipper of Gozag Ym Sagoz the Greedy
  3706 | D:4      | Reached skill level 4 in Fighting
  3766 | D:4      | Reached skill level 6 in Axes
  3766 | D:4      | Reached XP level 7. HP: 44/44 MP: 7/7
  4092 | D:4      | Reached skill level 5 in Fighting
  4097 | D:4      | Noticed Menkaure
  4102 | D:4      | HP: 20/44 [??? (5)]
  4105 | D:4      | Killed Menkaure
  4105 | D:4      | Reached skill level 7 in Axes
  4345 | D:4      | Found a stormy altar of Qazlal.
  4664 | D:5      | Entered Level 5 of the Dungeon
  4707 | D:5      | HP: 22/44 [acid (7)]
  4708 | D:5      | Reached XP level 8. HP: 25/50 MP: 8/8
  4927 | D:5      | Found an iron altar of Okawaru.
  5037 | D:5      | Found a sparkling altar of Nemelex Xobeh.
  5071 | D:5      | Reached skill level 6 in Fighting
  5366 | D:5      | Noticed Purgy
  5384 | D:5      | Killed Purgy
  5462 | D:5      | HP: 22/51 [ogre/giant club (18)]
  5496 | D:5      | HP: 13/51 [ogre/giant club (5)]
  5497 | D:5      | Reached skill level 8 in Axes
  5799 | D:5      | Found a staircase to the Ecumenical Temple.
  6734 | D:6      | Noticed p0werm0de's ghost (novice OpTm)
  6839 | D:6      | Reached skill level 7 in Fighting
  6888 | D:6      | Reached XP level 9. HP: 57/57 MP: 9/9
  6940 | D:6      | Reached skill level 9 in Axes
  6952 | D:6      | Found a glowing golden altar of the Shining One.
  7095 | D:6      | Killed p0werm0de's ghost
  7250 | D:6      | Found an ancient bone altar of Kikubaaqudgha.
  7256 | D:6      | Found a shadowy altar of Dithmenos.
  7257 | D:6      | Found a stormy altar of Qazlal.
  7325 | D:7      | Reached skill level 8 in Fighting
  7372 | D:6      | Reached skill level 10 in Axes
  7715 | D:7      | Found a shattered altar of Ashenzari.
  7798 | D:7      | Found a white marble altar of Elyvilon.
  7820 | D:7      | Found a sand-covered staircase.
  7825 | Ossuary  | Entered an ossuary
  7862 | Ossuary  | Reached XP level 10. HP: 62/65 MP: 10/10
  8161 | Ossuary  | Reached skill level 9 in Fighting
  8310 | D:7      | Reached skill level 11 in Axes
  8314 | D:7      | Learned a level 2 spell: Swiftness
  8780 | D:8      | Noticed Soeti's ghost (novice DsMo)
  8824 | D:8      | HP: 33/66 [Soeti's ghost (1)]
  8829 | D:8      | HP: 25/66 [Soeti's ghost (4)]
  8835 | D:8      | Killed Soeti's ghost
  9060 | D:8      | HP: 24/66 [ogre/giant club (18)]
  9066 | D:8      | HP: 26/66 [ogre/giant club (15)]
  9251 | D:8      | Noticed a two-headed ogre
  9446 | D:8      | Found a staircase to the Lair.
  9447 | D:8      | Noticed a death yak
  9452 | D:8      | Noticed a death yak
  9463 | D:8      | Noticed a death yak
  9465 | D:8      | Noticed a death yak
  9465 | D:8      | HP: 30/67 [death yak (10)]
  9467 | D:8      | Noticed a death yak
  9484 | D:7      | HP: 20/67 [death yak (14)]
  9513 | D:7      | HP: 7/67 [death yak (19)]
  9523 | D:7      | HP: 33/100 [death yak (10)]
  9531 | D:7      | Killed a death yak
  9864 | D:9      | Reached skill level 10 in Fighting
  9864 | D:9      | Reached skill level 12 in Axes
  9878 | D:9      | Found a hide-covered altar of Uskayaw.
  9884 | D:9      | Noticed a dagger
  9974 | D:9      | Noticed a hand axe
 10208 | D:9      | Found a snail-covered altar of Cheibriados.
 10210 | D:9      | Found a shadowy altar of Dithmenos.
 10210 | D:9      | Found a sparkling altar of Nemelex Xobeh.
 10212 | D:9      | Found a shimmering altar of Xom.
 10212 | D:9      | Found a shadowy altar of Dithmenos.
 10212 | D:9      | Found a shimmering altar of Xom.
 10267 | D:9      | Found a blossoming altar of Fedhas.
 10811 | D:10     | Entered Level 10 of the Dungeon
 10827 | D:10     | Noticed Sonja
 10840 | D:9      | Reached XP level 11. HP: 65/73 MP: 11/11
 11676 | D:10     | Killed Sonja
 12061 | D:10     | Got a brightly glowing scale mail
 12072 | D:10     | Identified the +1 scale mail "Jafailug" {*Drain rElec rN+ Dex+3} (You found it on level 10 of the Dungeon)
 12392 | D:11     | Reached skill level 13 in Axes
 12772 | D:11     | Noticed a green ugly thing
 12802 | D:11     | Killed a green ugly thing
 12802 | D:11     | Reached skill level 11 in Fighting
 13184 | D:11     | Noticed a seven-headed hydra
 13317 | D:11     | Noticed a death yak
 13317 | D:11     | a seven-headed hydra changed into a death yak
 13330 | D:11     | HP: 33/74 [death yak (15)]
 13405 | D:11     | HP: 25/74 [death yak (12)]
 13406 | D:11     | Killed a death yak
 13755 | D:11     | Found Jus Muph's Assorted Antiques.
 13760 | D:11     | Bought a scroll of identify for 48 gold pieces
 13760 | D:11     | Bought a scroll of teleportation for 72 gold pieces
 13760 | D:11     | Bought a scroll of identify for 48 gold pieces
 13760 | D:11     | Bought a potion of heal wounds for 120 gold pieces
 14068 | D:11     | Found a staircase to the Orcish Mines.
 14074 | Orc:1    | Entered Level 1 of the Orcish Mines
 14465 | D:7      | Killed a death yak
 14714 | D:8      | Killed a death yak
 14742 | D:8      | Killed a death yak
 14754 | D:8      | Killed a death yak
 14754 | D:8      | Reached skill level 14 in Axes
 14754 | D:8      | Reached XP level 12. HP: 50/81 MP: 12/12
 14902 | Lair:1   | Entered Level 1 of the Lair of Beasts
 14975 | Lair:1   | HP: 40/81 [blink frog (3)]
 14984 | Lair:1   | Reached skill level 12 in Fighting
 14998 | Lair:1   | HP: 44/121 [blink frog (9)]
 15005 | Lair:1   | HP: 40/121 [blink frog (5)]
 15010 | Lair:1   | HP: 37/121 [blink frog (4)]
 15071 | Lair:1   | HP: 34/81 [blink frog (3)]
 15432 | Lair:1   | HP: 30/81 [komodo dragon (21)]
 15437 | Lair:1   | HP: 4/81 [komodo dragon (21)]
 15444 | Lair:1   | HP: 27/121 [komodo dragon (13)]
 15930 | D:11     | HP: 30/81 [acid (15)]
 15939 | D:11     | HP: 21/81 [acid dragon/splash of acid (11)]
 15939 | D:11     | HP: 10/81 [acid (11)]
 16369 | D:12     | Noticed an eight-headed hydra
 16931 | D:12     | Reached skill level 15 in Axes
 17740 | D:13     | HP: 40/82 [orc priest/divine providence (11)]
 18089 | D:12     | Reached skill level 13 in Fighting
 18103 | D:13     | Noticed a two-headed ogre
 18294 | D:13     | HP: 38/84 [large slime creature (27)]
 18528 | D:12     | Killed a two-headed ogre
 18543 | D:12     | Reached XP level 13. HP: 83/88 MP: 13/13
 18736 | D:13     | Noticed Azrael
 18760 | D:13     | HP: 13/88 [Azrael/damnation (43)]
 18766 | D:13     | Killed Azrael
 19096 | D:13     | Noticed a spark wasp
 19096 | D:13     | a slime creature changed into a spark wasp
 19096 | D:13     | Noticed a fire dragon
 19096 | D:13     | a slime creature changed into a fire dragon
 19096 | D:13     | Noticed an ettin
 19096 | D:13     | a slime creature changed into an ettin
 19104 | D:13     | HP: 41/88 [spark wasp (5)]
 19325 | D:13     | HP: 21/88 [large slime creature (30)]
 19326 | D:13     | HP: 8/88 [large slime creature (30)]
 19437 | D:13     | HP: 44/88 [spark wasp (7)]
 19445 | D:13     | HP: 33/88 [spark wasp (8)]
 19450 | D:13     | HP: 40/88 [spark wasp (5)]
 19453 | D:13     | HP: 19/88 [spark wasp (5)]
 19455 | D:13     | HP: 1/88 [spark wasp (18)]
 19455 | D:13     | Slain by a spark wasp

Vanquished Creatures
  Azrael (D:13)
  A two-headed ogre (D:12)
  6 death yaks
  Sonja (D:10)
  The ghost of Soeti the Fighter, a novice DsMo of Cheibriados (D:8)
  3 skeletal warriors
  The ghost of p0werm0de the Changer, a novice OpTm of Xom (D:6)
  An ugly thing (D:11)
  A cyclops (D:13)
  A gargoyle (D:12)
  A centaur skeleton (D:12)
  A komodo dragon (Lair:1)
  A spiny frog (Lair:1)
  A kobold demonologist (D:12)
  4 trolls
  2 hippogriffs
  2 slime creatures (D:13)
  5 blink frogs (Lair:1)
  2 shadows
  8 yaks
  2 wraiths (D:12)
  A basilisk (Lair:1)
  3 hungry ghosts
  3 fire elementals (D:13)
  Menkaure (D:4)
  A warg (D:11)
  An acid dragon (D:11)
  A porcupine (Lair:1)
  5 water moccasins
  3 hell hounds (D:13)
  Purgy (D:5)
  3 black bears
  4 ice beasts
  9 orc warriors
  6 ogres
  2 sky beasts
  2 phantoms
  12 centaurs
  3 necrophages (D:9)
  2 big kobolds (D:12)
  4 bullfrogs
  A wyvern zombie (D:9)
  5 scorpions
  19 killer bees
  4 wights (D:7)
  3 howler monkeys
  7 crimson imps
  A quasit (D:11)
  4 centaur zombies
  13 orc priests
  4 bullfrog skeletons
  A hound (D:7)
  2 human zombies (Ossuary)
  4 jellies
  9 orc wizards
  Terence (D:2)
  3 iguanas
  Natasha (thrice) (D:3)
  14 worker ants
  3 ogre zombies (Ossuary)
  3 hound zombies
  7 mummies (Ossuary)
  A worker ant zombie (D:9)
  10 gnolls
  A howler monkey skeleton (D:6)
  11 adders
  4 shadow imps
  2 oozes
  4 adder zombies
  5 worms
  A dart slug (D:1)
  8 leopard geckos
  51 orcs
  4 giant cockroaches
  8 goblins
  9 hobgoblins
  6 jackals
  15 kobolds
  4 quokkas
  A ball python (D:1)
  6 bats
  A frilled lizard (D:1)
  A gnoll zombie (Ossuary)
  5 goblin zombies (Ossuary)
  2 hobgoblin zombies (Ossuary)
  3 kobold zombies (Ossuary)
  An orc zombie (Ossuary)
  A quokka skeleton (D:6)
  8 quokka zombies
  4 rats
  5 rat zombies (Ossuary)
  2 bushes (D:9)
  A fungus (Lair:1)
409 creatures vanquished.

Vanquished Creatures (others)
  An adder (D:5)
  An orc (Orc:1)
  7 plants
9 creatures vanquished.

Grand Total: 418 creatures vanquished
